 Dungeon Crawl Stone Soup version 0.24.1-14-gf8d2b509d9 (webtiles) character file.

Game seed: 5045448764031871246, levelgen mode: deterministic

137 Descartes the Shield-Bearer (level 5, 0/42 HPs)
             Began as a Formicid Fighter on May 16, 2020.
             Killed from afar by an orc wizard (3 damage)
             ... with a puff of flame
             ... on level 3 of the Dungeon.
             The game lasted 00:04:46 (2091 turns).

Descartes the Shield-Bearer (Formicid Fighter)      Turns: 2091, Time: 00:04:47

Health: 0/42       AC:  6    Str: 22    XL:     5   Next: 43%
Magic:  5/5        EV:  8    Int:  7    God:
Gold:   34         SH:  9    Dex: 10    Spells: 4/4 levels left

rFire    + . .     SeeInvis +   a - +0 war axe
rCold    + . .     Gourm    .   c - +0 shield
rNeg     . . .     Faith    .   b - +0 scale mail
rPois    .         Spirit   .   (helmet unavailable)
rElec    .         Reflect  .   i - scarf {rC+ rF+}
rCorr    .         Harm     .   (no gloves)
MR       .....                  (no boots)
Stlth    ..........             (no amulet)
HPRegen  0.14/turn              (no ring)
MPRegen  0.09/turn              (no ring)

@: heavily drained
A: permanent stasis, dig shafts and tunnels, four strong arms, antennae 3
a: Dig, Shaft Self


You were on level 3 of the Dungeon.
You were not hungry.

You visited 1 branch of the dungeon, and saw 3 of its levels.

You collected 34 gold pieces.

Inventory:

Hand Weapons
 a - a +0 war axe (weapon)
Missiles
 e - 29 arrows
 g - 67 stones (quivered)
Armour
 b - a +0 scale mail (worn)
 c - a +0 shield (worn)
 i - a scarf of resistance (worn)
Scrolls
 j - 3 scrolls of remove curse {unknown}
 k - a scroll of teleportation {unknown}
 n - a scroll of fear {unknown}
 o - a scroll of identify {unknown}
 p - 3 scrolls of blinking {unknown}
 s - a scroll of noise {unknown}
Potions
 d - a potion of might
 h - 3 potions of haste {unknown}
 l - 2 potions of ambrosia {unknown}
 m - 4 potions of curing {unknown}
 q - a potion of mutation {unknown}
Comestibles
 f - 4 rations
 r - 6 chunks of flesh


   Skills:
 + Level 4.1(2.6) Fighting
 - Level 2.0(0.5) Axes
 + Level 4.2(2.7) Armour
 * Level 5.5(3.9) Shields


You had 4 spell levels left.
You didn't know any spells.
Your spell library was empty.

Dungeon Overview and Level Annotations

Branches:
Dungeon (3/15)

Altars:
Ashenzari
Nemelex Xobeh
Sif Muna


Innate Abilities, Weirdness & Mutations

You cannot be hasted, slowed, berserked, paralysed or teleported.
You can dig through walls and to a lower floor.
Your four strong arms can wield two-handed weapons with a shield.
You have a pair of large antennae on your head. (SInv)


Message History

Your shield prevents you from hitting the orc wizard.
The orc wizard is almost dead.
You closely miss the orc wizard.
The orc wizard hits you with a +0 dagger.
* * * LOW HITPOINT WARNING * * *
The orc wizard hits you with a +0 dagger.
* * * LOW HITPOINT WARNING * * *
The orc wizard casts a spell at you. You resist with some effort.
You block the orc wizard's attack. x2
You barely miss the orc wizard.
The orc wizard is almost dead.
You hit the orc wizard.
The orc wizard casts a spell.
The orc wizard flickers and vanishes for a moment.
The orc wizard gestures at you while chanting.
The magic dart hits you.
* * * LOW HITPOINT WARNING * * *
The orc wizard gestures at you while chanting.
The puff of flame hits you. You resist.
You die...

# ..######## .......
######## #.....####
#......#
###.#..##..######......#
#...#..#..8#..≈.#......#
#.#.#...._.'..≈o#......#
.......#..8#..≈.@......#
....)####..######o.....#.
.....# #########........
...#.# #..##.........
.....##### #...÷..##..###
...#.....###.#........#
...#.###.....###÷###...#
.. #..#..###..##.# ..# ##
##...## ##.##.# .#


You could see 2 orc wizards.

Vanquished Creatures
  Jessica (D:2)
  3 adders
  3 worms (D:2)
  A leopard gecko (D:2)
  An orc (D:3)
  2 ball pythons (D:3)
  5 giant cockroaches
  7 goblins
  6 hobgoblins
  9 jackals
  A quokka (D:3)
  6 bats
  6 frilled lizards
  8 kobolds
  11 rats
70 creatures vanquished.

Notes
Turn   | Place    | Note
-------+----------+-------------------------------------------
     0 | D:1      | Descartes the Formicid Fighter began the quest for the Orb.
     0 | D:1      | Reached XP level 1. HP: 18/18 MP: 1/1
   111 | D:1      | Reached skill level 4 in Shields
   111 | D:1      | Reached XP level 2. HP: 21/24 MP: 2/2
   412 | D:1      | Reached XP level 3. HP: 28/29 MP: 3/3
   824 | D:2      | Found a sparkling altar of Nemelex Xobeh.
  1064 | D:2      | Noticed Jessica
  1072 | D:2      | Killed Jessica
  1072 | D:2      | Reached skill level 5 in Shields
  1072 | D:2      | Reached XP level 4. HP: 19/37 MP: 4/4
  1538 | D:2      | Reached XP level 5. HP: 42/42 MP: 5/5
  1568 | D:2      | Found a shattered altar of Ashenzari.
  2026 | D:3      | Found a shimmering blue altar of Sif Muna.
  2091 | D:3      | Killed from afar by an orc wizard

Levels and vault maps discovered:
D:1:      ebering_trefoil_3fold, layout_loops_ring, grunt_decor_arrowhead,
          minmay_misc_feat_columns
D:2:      minmay_kobold_bridge, layout_basic, lemuel_coloured_pillars_altar,
          nemelex_xobeh_ov_fountains_minmay, uniq_jessica
D:3:      layout_rooms, marbit_many_paths, led_sif_book, wad_floor_pattern_1,
          hangedman_abyss_or_decor_stabs, minmay_pentomino_pile

Skill      XL: |  1  2  3  4 |
---------------+-------------+-----
Shields        | 4 5 |  5.5
Armour         | 4 |  4.2
Fighting       | 4 |  4.1
Axes           | |  2.0

Action                   |  1- 3 |  4- 6 || total
-------------------------+-------+-------++-------
Melee: War axe           |   109 |   125 ||   234
 Abil: Dig               |       |     1 ||     1
  Eat: Chunk             |     1 |     3 ||     4
Armor: Scale mail        |    46 |    73 ||   119
Dodge: Dodged            |    36 |    48 ||    84
Block: Shield            |    64 |    94 ||   158
